 Dungeon Crawl Stone Soup version 0.32-a0-422-g28b100f618 (webtiles) character file.

Game seed: 17102227964725667014

792 javelincjr the Trooper (level 7, 0/58 HPs)
             Began as a Demonspawn Monk on Feb 21, 2024.
             Was a Priest of Beogh.
             Slain by an ogre
             ... wielding a +0 giant spiked club
              (27 damage)
             ... on level 5 of the Dungeon.
             The game lasted 00:10:58 (3836 turns).

javelincjr the Trooper (Demonspawn Monk)            Turns: 3836, Time: 00:10:58

Health: 0/58       AC: 10    Str: 13    XL:     7   Next: 57%
Magic:  0/9        EV: 10    Int: 10    God:    Beogh [***...]
Gold:   342        SH:  0    Dex: 16    Spells: 6/6 levels left

rFire   . . .        b - +1 halberd (flame)
rCold   + . .        (shield currently unavailable)
rNeg    . . .        o - +2 scale mail {rC+}
rPois   .            (no helmet)
rElec   .            (no cloak)
rCorr   .            f - +0 pair of gloves
SInv    .            (no boots)
Will    .....        (no amulet) Stlth
                     (no ring)
HPRegen 0.29/turn    (no ring)
MPRegen 0.22/turn

%: guardian spirit
@: no status effects
A: hooves 2, magic shield, magic regeneration, sharp scales 1
a: Renounce Religion, Smiting


You were on level 5 of the Dungeon.
You worshipped Beogh.
Beogh was most pleased with you.
You visited 1 branch of the dungeon, and saw 5 of its levels.

You collected 342 gold pieces.

Inventory:

Hand Weapons
 a - a +1 sling of freezing
 b - a +1 halberd of flaming (weapon)
 l - a +1 short sword of speed
 D - a +0 spear
Missiles
 s - 15 poisoned darts (quivered)
 w - a throwing net
 y - 6 atropa-tipped darts
Armour
 d - an orb of light
 f - a +0 pair of gloves (worn)
 g - a +0 ring mail
 o - a +2 scale mail of cold resistance (worn)
 J - a +0 robe
Scrolls
 h - a scroll of immolation {unknown}
 p - 5 scrolls of identify {unknown}
 r - 2 scrolls of blinking {unknown}
 t - a scroll of amnesia {unknown}
 u - a scroll of enchant armour {unknown}
 x - 4 scrolls of enchant weapon {unknown}
 A - a scroll of brand weapon {unknown}
Potions
 c - a potion of ambrosia
 e - 2 potions of might {unknown}
 i - a potion of haste {unknown}
 k - a potion of heal wounds {unknown}
 m - 2 potions of degeneration {unknown}
 n - a potion of enlightenment {unknown}
 q - 2 potions of invisibility {unknown}
 v - a potion of mutation {unknown}
 z - 2 potions of brilliance {unknown}
 B - a potion of attraction {unknown}
 C - a potion of curing {unknown}


   Skills:
 * Level 6.0 Fighting
 + Level 4.2 Polearms
 + Level 2.7 Armour
 + Level 4.2 Dodging
 + Level 3.2 Invocations


You had 6 spell levels left.
You didn't know any spells.
Your spell library contained the following spells:

 Spells                   Type           Power      Damage    Failure   Level
 Necrotise                Necr           0%         1d4       86%         1
 Sting                    Conj/Alch      0%         1d3       86%         1
 Call Imp                 Summ           0%         N/A       95%         2
 Lesser Beckoning         Tloc           0%         N/A       95%         2
 Mercury Vapours          Alch/Air       0%         N/A       95%         2
 Sublimation of Blood     Necr           0%         N/A       95%         2
 Gell's Gravitas          Tloc           0%         N/A       99%         3
 Hailstorm                Conj/Ice       0%         3d5       99%         3
 Summon Ice Beast         Ice/Summ       0%         N/A       99%         3
 Teleport Other           Tloc           0%         N/A       99%         3
 Vampiric Draining        Necr           0%         2d6       99%         3
 Martyr's Knell           Necr/Summ      0%         N/A       100%        4
 Olgreb's Toxic Radiance  Alch           0%         N/A       100%        4
 Curse of Agony           Necr           0%         N/A       100%        5
 Sculpt Simulacrum        Ice/Alch       0%         N/A       100%        6
 Summon Hydra             Summ           0%         N/A       100%        7


Dungeon Overview and Level Annotations

Branches:
Dungeon (5/15)
 Temple: D:4-7

Altars:
Cheibriados
Dithmenos
Kikubaaqudgha
Uskayaw


Innate Abilities, Weirdness & Mutations

Your facial features look somewhat orcish.
You have hoof-like feet.
When hurt, damage is shared between your health and your magic reserves.
You regenerate magic rapidly.
You are partially covered in razor-sharp scales. (AC +1, Slay +1)


Message History

Your +1 halberd of flaming stops flaming.
Your +1 sling of freezing is covered in frost.
a - a +1 sling of freezing (weapon)
You shoot a sling bullet.
The sling bullet hits the hound but does no damage.
An ogre comes into view. It is wielding a +0 giant spiked club.
You shoot a sling bullet.
The sling bullet closely misses the hound.
The hound closely misses you.
Your +1 sling of freezing stops glowing.
Your +1 halberd of flaming bursts into flame!
b - a +1 halberd of flaming (weapon)
The hound barely misses you.
You hit the hound. You burn the hound.
The hound is lightly wounded.
The hound bites you but does no damage. x2
You hit the hound. You burn the hound.
The hound is heavily wounded.
The hound closely misses you. The hound barely misses you.
You hit the hound. You burn the hound. Your kick misses the hound.
The hound is severely wounded.
The hound misses you. The hound bites you.
You puncture the hound! You burn the hound.
You kill the hound!
Beogh accepts your kill.
The ogre hits you with a +0 giant spiked club!!
Your Fighting skill increases to level 6!
You puncture the ogre! You burn the ogre. You kick the ogre, but do no damage.
The ogre is heavily wounded.
The ogre hits you with a +0 giant spiked club!
You are too injured to fight recklessly!
You are too injured to fight recklessly!
You are too injured to fight recklessly!
You hit the ogre. You burn the ogre. Your kick misses the ogre.
The ogre is severely wounded.
The ogre closely misses you.
You hit the ogre. You burn the ogre. Your kick misses the ogre.
The ogre is almost dead.
The ogre hits you with a +0 giant spiked club!!
You die...

.#.... ..[>. ##....
# ##....# .#
####...#.## .#
.......#..#..#
#...O†...## .#
#...@....#
...#####...##....###
#.........## ......
#.........# ....
#........## ..##
##.#####..####..## #
##...........
#.###........##
#...........# ..


You could see an ogre.

Vanquished Creatures
  2 black bears (D:4)
  A phantom (D:5)
  A scorpion (D:5)
  A bombardier beetle (D:4)
  2 hounds (D:5)
  3 iguanas (D:5)
  2 orc wizards
  8 adders
  A white imp (D:5)
  A dart slug (D:1)
  A ribbon worm (D:3)
  8 orcs
  6 ball pythons
  4 bats
  12 endoplasms
  3 giant cockroaches
  13 hobgoblins
  7 quokkas
  6 frilled lizards
  4 goblins
  6 kobolds
  8 rats
100 creatures vanquished.

Notes
Turn   | Place    | Note
-------+----------+-------------------------------------------
     0 | D:1      | javelincjr the Demonspawn Monk began the quest for the Orb.
     0 | D:1      | Reached XP level 1. HP: 18/18 MP: 1/1
   143 | D:1      | Gained mutation: You regenerate magic rapidly. [demonic
                  | ancestry]
   143 | D:1      | Reached XP level 2. HP: 24/24 MP: 2/2
   535 | D:1      | Gained mutation: When hurt, damage is shared between your
                  | health and your magic reserves. [demonic ancestry]
   535 | D:1      | Reached XP level 3. HP: 25/29 MP: 3/3
  1388 | D:2      | Reached skill level 4 in Fighting
  1388 | D:2      | Gained mutation: You have large cloven feet. [demonic
                  | ancestry]
  1388 | D:2      | Reached XP level 4. HP: 37/37 MP: 4/4
  1561 | D:2      | Reached skill level 1 in Armour
  2050 | D:3      | Gained mutation: You are partially covered in razor-sharp
                  | scales. (AC +1, Slay +1) [demonic ancestry]
  2050 | D:3      | Reached XP level 5. HP: 33/43 MP: 5/5
  2054 | D:3      | Became a worshipper of Beogh the Shepherd
  2054 | D:3      | Reached * piety under Beogh
  2054 | D:3      | Reached ** piety under Beogh
  2085 | D:3      | Found a snail-covered altar of Cheibriados.
  2243 | D:3      | Found a shadowy altar of Dithmenos.
  2413 | D:3      | Found a faded altar of an unknown god.
  2606 | D:4      | Noticed a black bear
  2619 | D:4      | Killed a black bear
  2620 | D:4      | Reached skill level 1 in Invocations
  2620 | D:4      | Gained mutation: You have hoof-like feet. [demonic
                  | ancestry]
  2620 | D:4      | Reached XP level 6. HP: 22/50 MP: 3/7
  2801 | D:4      | Reached skill level 5 in Fighting
  2881 | D:4      | Found a hide-covered altar of Uskayaw.
  3261 | D:5      | Entered Level 5 of the Dungeon
  3309 | D:5      | Found an ancient bone altar of Kikubaaqudgha.
  3471 | D:5      | Reached XP level 7. HP: 50/56 MP: 6/8
  3833 | D:5      | Reached *** piety under Beogh
  3834 | D:5      | Reached skill level 6 in Fighting
  3836 | D:5      | Slain by an ogre

Illustrated notes

Levels and vault maps discovered:
D:1:      sevenhm_arrival_forest_fort_small_6, layout_loops_corners,
          minmay_tetromino_l2
D:2:      layout_basic
D:3:      layout_rooms, lemuel_tele_altar, slow_altar_2,
          shapermc_ecumenical_altar_pompeii, minmay_randomly_rotated_circles
D:4:      layout_loops_cross, nicolae_uskayaw_murder_on_the_dancefloor,
          minmay_bent
D:5:      layout_layer_cave, mainiacjoe_overflow_paths,
          mainiacjoe_overflow_six_doors_small, makhleb_grotto_becter,
          ebering_ghost_sewer_d, nicolae_shop_clearance, uniq_grinder

Skill      XL: |  1  2  3  4  5  6  7 |
---------------+----------------------+-----
Polearms       | 3 4 |  4.2
Dodging        | 3 4 |  4.2
Fighting       | 4 5 6 |  6.0
Armour         | 1 2 |  2.7
Invocations    | 1 2 3 |  3.2

Action                     |  1- 3 |  4- 6 |  7- 9 || total
---------------------------+-------+-------+-------++-------
  Melee: Spear             |    75 |       |       ||    75
         Halberd           |    32 |   143 |    32 ||   207
         Kick              |       |    15 |    10 ||    25
   Fire: Sling             |       |       |     4 ||     4
  Throw: Dart              |       |     3 |       ||     3
 Invoke: Convert to Beogh  |       |     1 |       ||     1
    Use: Scroll            |       |     1 |       ||     1
   Stab: Sleeping          |     4 |       |       ||     4
 Armour: Robe              |    37 |       |       ||    37
         Scale mail        |     3 |   112 |    18 ||   133
  Dodge: Dodged            |    46 |    73 |    21 ||   140

Table legend: (Time is in decaauts)
 A = Elapsed time spent in this place.
 B = Non-inter-level travel time spent in this place.
 C = Inter-level travel time spent in this place.
 D = Time resting spent in this place.
 E = Time spent auto-exploring this place.
 F = Levels seen in this place.
 G = Mean time per level.
                   A        B        C        D        E       F      G
               +--------+--------+--------+--------+--------+-----+--------+
         Total |   3899 |   3818 |     81 |      0 |   3049 |   5 |  779.8 |
       Dungeon |   3899 |   3818 |     81 |      0 |   3049 |   5 |  779.8 |
               +--------+--------+--------+--------+--------+-----+--------+

Top non-repeatable levels by time:
     D:1: 1043 daAuts
     D:4: 814 daAuts
     D:2: 802 daAuts
     D:3: 648 daAuts
     D:5: 590 daAuts
